 Dungeon Crawl Stone Soup version 0.28.0-53-g5a82cb258f (webtiles) character file.

Game seed: 13700270181922310060

40985 concernfroge the Nimble (level 13, -3/82 HPs)
             Began as a Deep Elf Conjurer on June 26, 2022.
             Was an Elder of Sif Muna.
             Killed from afar by a hell hound (12 damage)
             ... with a blast of flame
             ... on level 6 of the Lair of Beasts.
             The game lasted 01:56:13 (21345 turns).

concernfroge the Nimble (Deep Elf Conjurer)        Turns: 21345, Time: 01:56:13

Health: -3/82      AC: 11    Str:  4    XL:     13   Next: 77%
Magic:  9/28       EV: 17    Int: 29    God:    Sif Muna [****..]
Gold:   980        SH:  0    Dex: 13    Spells: 5/31 levels left

rFire   . . .      SeeInvis .   f - staff of conjuration
rCold   . . .      Faith    .   (no shield)
rNeg    + . .      Spirit   .   p - +0 steam dragon scales
rPois   .          Reflect  .   (no helmet)
rElec   .          Harm     .   (no cloak)
rCorr   .          Rampage  .   F - +2 pair of gloves {Stlth+}
Will    ++...                   E - +2 pair of boots
Stlth   +++.......              z - amulet of regeneration
HPRegen 1.03/turn               l - ring of willpower
MPRegen 0.21/turn               s - ring of positive energy

@: channelling
A: no striking features
a: Renounce Religion, Channel Magic, Forget Spell, Divine Exegesis


You were on level 6 of the Lair of Beasts.
You worshipped Sif Muna.
Sif Muna was greatly pleased with you.
You visited 3 branches of the dungeon, and saw 17 of its levels.

You collected 980 gold pieces.

Inventory:

Missiles
 b - 3 throwing nets
Armour
 p - +0 steam dragon scales (worn)
 r - a +0 pair of boots
 u - a +0 kite shield
 B - a +1 pair of gloves
 E - a +2 pair of boots (worn)
 F - a +2 pair of gloves of stealth (worn)
Magical Staves
 f - a staff of conjuration (weapon)
Jewellery
 l - a ring of willpower (left hand)
 s - a ring of positive energy (right hand)
 z - an amulet of regeneration (around neck)
 I - an amulet of guardian spirit
Wands
 g - a wand of flame (20) (quivered)
 j - a wand of polymorph (9)
 H - a wand of charming (4)
Scrolls
 d - a scroll of torment
 h - 3 scrolls of amnesia
 i - 3 scrolls of magic mapping
 o - a scroll of silence
 w - 6 scrolls of identify
Potions
 a - 2 potions of haste
 c - 4 potions of flight
 e - 5 potions of might
 k - 3 potions of lignification
 m - 5 potions of attraction
 q - 2 potions of mutation
 t - 2 potions of brilliance
 v - a potion of ambrosia
 x - 2 potions of curing
 A - 2 potions of resistance
 C - 3 potions of berserk rage


   Skills:
 - Level 10.0 Fighting
 - Level 12.0 Dodging
 - Level 2.4 Stealth
 - Level 9.7 Spellcasting
 + Level 10.8 Conjurations
 - Level 8.6 Hexes
 - Level 2.0 Translocations
 + Level 6.0 Earth Magic
 - Level 10.0 Invocations
 - Level 10.0 Evocations


You had 5 spell levels left.
You knew the following spells:

 Your Spells              Type           Power      Damage    Failure   Level
a - Magic Dart            Conj           100%       1d8       1%          1
b - Searing Ray           Conj           100%       2d8       1%          2
c - Dazzling Flash        Conj/Hex       100%       N/A       1%          3
d - Fulminant Prism       Conj/Hex       40%        3d20      1%          4
e - Iskenderun's Mystic   Conj/Tloc      67%        2d14      2%          4
f - Lehudib's Crystal Sp  Conj/Erth      38%        10d9      100%        8
g - Passage of Golubria   Tloc           26%        N/A       16%         4

Your spell library contained the following spells:

 Spells                   Type           Power      Damage    Failure   Level
 Mephitic Cloud           Conj/Pois/Air  51%        N/A       2%          3
 Freeze                   Ice            56%        1d7       3%          1
 Hailstorm                Conj/Ice       62%        3d13      4%          4
 Frozen Ramparts          Ice            28%        1d4       12%         3
 Ignite Poison            Fire/Tmut/Pois 14%        N/A       12%         3
 Silence                  Hex/Air        19%        N/A       19%         5
 Freezing Cloud           Conj/Ice/Air   25%        6-21      24%         5


Dungeon Overview and Level Annotations

Branches:
Dungeon (10/15)            Temple (1/1) D:6            Lair (6/6) D:10
  Swamp (0/4) Lair:3        Snake (0/4) Lair:3        Slime (0/5) Lair:5
    Orc (0/2) D:10

Altars:
Ashenzari
Cheibriados
Dithmenos
Elyvilon
Fedhas
Gozag
Hepliaklqana
Kikubaaqudgha
Makhleb
Nemelex Xobeh
Okawaru
Qazlal
Ru
Sif Muna
Trog
Uskayaw
Vehumet
Wu Jian
Xom
Yredelemnul
Zin
The Shining One
Beogh
Jiyva

Annotations:
Lair:5 1 runed translucent door
Lair:6 exclusion: oklob plant


Message History

* * * LOW HITPOINT WARNING * * *
The eight-headed hydra closely misses you.
The hell hound breathes flames at you. The blast of flame misses you.
Casting: Iskenderun's Mystic Blast (dangerous; 2% risk of failure)
Confirm with . or Enter, or press ? or * to list all spells.
You feel a surge of power!
You erupt in a blast of force!
The mystic blast hits the basilisk!
The basilisk is heavily wounded.
The basilisk is knocked back by the mystic blast.
The basilisk violently stops moving!
The basilisk is severely wounded.
The mystic blast hits the hell hound.
The hell hound is almost dead.
The hell hound is knocked back by the mystic blast.
The mystic blast hits the steam dragon!
The steam dragon is almost dead.
The steam dragon is knocked back by the mystic blast.
The mystic blast hits the eight-headed hydra!!
The eight-headed hydra is heavily wounded.
The eight-headed hydra is knocked back by the mystic blast.
The mystic blast hits the hell hound!!
You kill the hell hound!
Sif Muna accepts your kill.
Your Earth Magic skill increases to level 6!
Casting: Iskenderun's Mystic Blast (dangerous; 2% risk of failure)
Confirm with . or Enter, or press ? or * to list all spells.
You feel a surge of power!
You erupt in a blast of force!
The mystic blast hits the hell hound!
You kill the hell hound!
Sif Muna accepts your kill.
The mystic blast hits the steam dragon!
You kill the steam dragon!
Sif Muna accepts your kill.
The mystic blast hits the eight-headed hydra!
The eight-headed hydra is severely wounded.
The eight-headed hydra is knocked back by the mystic blast.
The hell hound breathes flames at you. The blast of flame hits you!
You die...

8......#§§#
##......§§§#
##.......≈§§#
≈#.....h.l§≈≈#
§.§§.......≈≈
≈≈..h......#
§§.§......#
#.†@.D#
#8#..#l..≈# #
#8## ..# ### .


You could see an eight-headed hydra, a komodo dragon, a basilisk and 2 hell
hounds.

Vanquished Creatures
  Rupert (Lair:5)
  Josephine (D:10)
  Harold (D:10)
  2 hydras
  2 catoblepae
  A boulder beetle (Lair:5)
  5 death yaks (Lair:4)
  Urug (Lair:2)
  4 two-headed ogres
  Pikel (D:7)
  A deep elf pyromancer (D:10)
  A will-o-the-wisp (Lair:3)
  An orc knight (D:10)
  A cyclops (D:9)
  6 elephants
  4 black mambas
  6 cane toads
  A torpor snail (Lair:5)
  Psyche (D:9)
  6 rime drakes
  9 komodo dragons
  4 polar bears
  2 hornets
  12 blink frogs
  4 dream sheep (Lair:5)
  Sigmund (D:6)
  4 wraiths (D:10)
  Eustachio (D:6)
  A wyvern (Lair:4)
  Grum (D:9)
  29 yaks
  3 basilisks
  5 steam dragons
  4 nagas (Lair:3)
  12 water moccasins
  2 hell hounds (Lair:6)
  4 sky beasts
  3 ice beasts
  9 orc warriors
  3 ogres
  7 wolves
  7 centaurs
  A phantom (D:4)
  A kobold brigand (D:6)
  5 bullfrogs
  A gnoll sergeant (D:9)
  6 scorpions
  2 water moccasin skeletons (D:5)
  4 wights (D:7)
  3 centaur zombies
  2 howler monkeys (D:8)
  A bullfrog zombie (D:5)
  2 bullfrog skeletons
  4 gnoll shamans
  3 hounds
  9 orc priests
  A centaur skeleton (D:7)
  4 orc wizards
  6 hell rats (Lair:4)
  A killer bee zombie (D:8)
  A hound skeleton (D:4)
  31 gnolls
  5 adders
  3 white imps
  2 worms
  4 dart slugs
  44 orcs
  6 ball pythons
  7 endoplasms
  3 giant cockroaches
  13 goblins
  10 hobgoblins
  8 jackals
  13 kobolds
  7 quokkas
  13 bats
  4 frilled lizards
  5 rats
409 creatures vanquished.

Vanquished Creatures (others)
  209 fulminant prisms
  49 fungi
  53 plants
311 creatures vanquished.

Grand Total: 720 creatures vanquished

Notes
Turn   | Place    | Note
-------+----------+-------------------------------------------
     0 | D:1      | concernfroge the Deep Elf Conjurer began the quest for the
                  | Orb.
     0 | D:1      | Reached XP level 1. HP: 10/10 MP: 6/6
   430 | D:1      | Reached XP level 2. HP: 15/15 MP: 3/8
   433 | D:1      | Learned a level 2 spell: Searing Ray
  1213 | D:2      | Reached skill level 5 in Conjurations
  1213 | D:2      | Reached XP level 3. HP: 19/19 MP: 5/10
  1217 | D:2      | Learned a level 3 spell: Dazzling Flash
  1810 | D:2      | Reached skill level 1 in Hexes
  1999 | D:2      | Identified the +4 spear of Purpose {holy, *Noise *Corrode
                  | rC+++ rN+++}
  2228 | D:3      | Reached XP level 4. HP: 24/24 MP: 9/12
  2233 | D:3      | Learned a level 4 spell: Fulminant Prism
  2267 | D:3      | Found a faded altar of an unknown god.
  2887 | D:3      | Reached skill level 6 in Dodging
  2887 | D:3      | Reached XP level 5. HP: 33/33 MP: 12/17
  2893 | D:3      | Learned a level 4 spell: Iskenderun's Mystic Blast
  3151 | D:4      | Noticed a phantom
  3157 | D:4      | Killed a phantom
  3158 | D:4      | Reached XP level 6. HP: 38/38 MP: 11/19
  3243 | D:4      | Found a sparkling altar of Nemelex Xobeh.
  3856 | D:5      | Entered Level 5 of the Dungeon
  3979 | D:5      | Reached XP level 7. HP: 43/43 MP: 7/21
  4602 | D:5      | Reached XP level 8. HP: 48/48 MP: 15/23
  4916 | D:5      | Found the +7 Singing Sword {vorpal, sonic wave}
  5349 | D:6      | Reached skill level 1 in Translocations
  5479 | D:6      | Noticed Sigmund
  5485 | D:6      | Killed Sigmund
  5573 | D:6      | Found a staircase to the Ecumenical Temple.
  5585 | Temple   | Entered the Ecumenical Temple
  5785 | Temple   | Became a worshipper of Sif Muna the Loreminder
  6005 | D:6      | Noticed Eustachio
  6270 | D:6      | Killed Eustachio
  6379 | D:6      | Reached skill level 1 in Invocations
  6379 | D:6      | Reached skill level 1 in Evocations
  6497 | D:6      | Reached XP level 9. HP: 43/52 MP: 7/24
  6589 | D:6      | Reached * piety under Sif Muna
  7969 | D:7      | Reached skill level 7 in Dodging
  8381 | D:7      | Reached ** piety under Sif Muna
  8582 | D:7      | Noticed Pikel
  8585 | D:7      | Killed Pikel
  9329 | D:8      | Noticed a two-headed ogre
  9340 | D:8      | Killed a two-headed ogre
  9341 | D:8      | Reached skill level 5 in Fighting
  9341 | D:8      | Reached skill level 8 in Dodging
  9341 | D:8      | Reached XP level 10. HP: 59/59 MP: 10/25
  9602 | D:8      | Noticed a two-headed ogre
  9611 | D:8      | Killed a two-headed ogre
 10129 | D:8      | Identified the +6 long sword "Saylax" {vorpal, Fly rPois
                  | rC++ Dex-4}
 10294 | D:9      | Noticed a cyclops
 10316 | D:9      | Killed a cyclops
 10317 | D:9      | Reached skill level 5 in Invocations
 10317 | D:9      | Reached skill level 5 in Evocations
 10654 | D:9      | Noticed a two-headed ogre
 10662 | D:9      | Killed a two-headed ogre
 10663 | D:9      | Reached skill level 9 in Dodging
 10709 | D:9      | Reached XP level 11. HP: 46/64 MP: 6/26
 11174 | D:9      | Noticed Psyche
 11181 | D:9      | Killed Psyche
 11329 | D:9      | Noticed Grum
 11335 | D:9      | Killed Grum
 11491 | D:9      | Reached *** piety under Sif Muna
 11868 | D:10     | Entered Level 10 of the Dungeon
 12154 | D:10     | Noticed Harold
 12160 | D:10     | Killed Harold
 12289 | D:10     | Found a staircase to the Lair.
 12551 | D:10     | Noticed a deep elf pyromancer
 12554 | D:10     | Killed a deep elf pyromancer
 12675 | D:10     | Identified the +5 war axe "Wouvuh" {venom, Fragile rC+++
                  | Str+3 Int+2}
 12699 | D:10     | Noticed an orc knight
 12708 | D:10     | Killed an orc knight
 12709 | D:10     | Reached skill level 10 in Dodging
 12839 | D:10     | Found a staircase to the Orcish Mines.
 12861 | D:10     | Noticed Josephine
 12864 | D:10     | Killed Josephine
 13045 | D:10     | Noticed a two-headed ogre
 13053 | D:10     | Killed a two-headed ogre
 13236 | Lair:1   | Entered Level 1 of the Lair of Beasts
 13236 | Lair:1   | Noticed a five-headed hydra
 13240 | Lair:1   | Killed a five-headed hydra
 14084 | Lair:1   | Reached XP level 12. HP: 72/72 MP: 10/27
 14499 | Lair:2   | Reached skill level 11 in Dodging
 14662 | Lair:2   | Noticed Urug
 14677 | Lair:2   | Killed Urug
 14884 | Lair:2   | Noticed a catoblepas
 14920 | Lair:2   | Killed a catoblepas
 15858 | Lair:2   | Learned a level 8 spell: Lehudib's Crystal Spear
 15863 | Lair:2   | Learned a level 4 spell: Passage of Golubria
 16018 | Lair:3   | Reached **** piety under Sif Muna
 16027 | Lair:3   | Reached skill level 12 in Dodging
 16165 | Lair:3   | Noticed a five-headed hydra
 16491 | Lair:3   | Killed a five-headed hydra
 16755 | Lair:3   | Found a staircase to the Swamp.
 17332 | Lair:3   | Found a staircase to the Snake Pit.
 17704 | Lair:4   | Noticed a death yak
 17705 | Lair:4   | Noticed a death yak
 17706 | Lair:4   | Noticed a death yak
 17715 | Lair:4   | Killed a death yak
 17715 | Lair:4   | Killed a death yak
 17716 | Lair:4   | Reached XP level 13. HP: 79/79 MP: 3/28
 17720 | Lair:4   | Reached skill level 10 in Evocations
 17729 | Lair:4   | Reached skill level 10 in Invocations
 17791 | Lair:4   | Reached skill level 1 in Earth Magic
 17991 | Lair:4   | Found a stormy altar of Qazlal.
 19721 | Lair:5   | Found a runed translucent door.
 19722 | Lair:5   | Found a viscous altar of Jiyva.
 19722 | Lair:5   | Noticed an azure jelly
 19724 | Lair:5   | Found a staircase to the Slime Pits.
 19768 | Lair:5   | Noticed Rupert
 19781 | Lair:5   | Killed Rupert
 19782 | Lair:5   | Reached skill level 10 in Conjurations
 19954 | Lair:5   | Found a hide-covered altar of Uskayaw.
 20676 | Lair:6   | Entered Level 6 of the Lair of Beasts
 21294 | Lair:6   | Reached skill level 5 in Earth Magic
 21332 | Lair:6   | Reached skill level 10 in Fighting
 21345 | Lair:6   | Killed from afar by a hell hound

Illustrated notes

Levels and vault maps discovered:
D:1:      ncdulo_smallfort, layout_loops_cross, st_stairs_11
D:2:      layout_loops_ring
D:3:      layout_basic, shapermc_ecumenical_altar_ellora
D:4:      layout_basic, mainiacjoe_overflow_surrounded_room
D:5:      old_forge, layout_layer_cave, nicolae_concentric_dashed_squares_mild,
          minivault_24
D:6:      corexii_shantytown, layout_loops_cross,
          minmay_temple_entry_proselytizer, uniq_eustachio, uniq_sigmund
D:7:      layout_gridville, grunt_ministairs_1, roderic_roman_lattice,
          grunt_decor_mini_mirrors, minmay_misc_feat_four_crosses,
          serial_bayou_pond_c, uniq_pikel
D:8:      layout_basic
D:9:      layout_stronghold, enter_bailey_4, nrook_mini_backslash,
          nrook_loot_triangle, hangedman_misty_isle, uniq_psyche, uniq_grum
D:10:     layout_gridville, lair_entry_dummy, david_orc_5, uniq_josephine,
          uniq_harold
Temple:   mainiacjoe_temple_trianglar_array
Lair:1:   layout_roguey, serial_bayou_pond_e
Lair:2:   layout_regular_city, uniq_urug
Lair:3:   layout_cave_pods, minmay_swamp_entry_wisps,
          minmay_snake_entry_guardpost_small, grunt_forest_stairs_basic,
          lemuel_fruit_fields, serial_bayou_shore_a
Lair:4:   layout_cave_pods, basic_altar, infiniplex_staircase_pool_2
Lair:5:   layout_regular_city, slime_altar_2, lemuel_centaur_altar, uniq_rupert
Lair:6:   cheibrodos_lair_end_hotspot, layout_big_grid

Skill      XL: |  1  2  3  4  5  6  7  8  9 10 11 12 13 |
---------------+----------------------------------------+-----
Spellcasting   | 4 8 9 |  9.7
Conjurations   | 5 7 8 9 10 | 10.8
Hexes          | 1 6 7 8 |  8.6
Fighting       | 4 5 6 7 8 10 | 10.0
Dodging        | 6 8 9 10 12 | 12.0
Translocations | 2 |  2.0
Invocations    | 1 4 5 7 9 10 | 10.0
Evocations     | 1 4 5 7 9 10 | 10.0
Earth Magic    | 6 |  6.0
Stealth        | |  2.4

Action                   |  1- 3 |  4- 6 |  7- 9 | 10-12 | 13-15 || total
-------------------------+-------+-------+-------+-------+-------++-------
Melee: Unarmed           |     7 |       |       |       |       ||     7
       Staff             |       |       |     1 |     7 |     3 ||    11
 Cast: Magic Dart        |    54 |    39 |   109 |    92 |    19 ||   313
       Searing Ray       |    16 |     8 |    34 |    33 |     8 ||    99
       Fulminant Prism   |       |     6 |    43 |   107 |    55 ||   211
       Iskenderun's Myst |       |       |    16 |    77 |    55 ||   148
       Dazzling Flash    |       |       |     1 |       |       ||     1
Invok: Channel Magic     |       |       |       |     7 |     4 ||    11
Evoke: Wand              |       |       |       |    43 |     4 ||    47
  Use: Potion            |     1 |     4 |     3 |     4 |     3 ||    15
       Scroll            |       |     7 |     4 |    14 |     4 ||    29
Armor: Robe              |     6 |       |       |     1 |       ||     7
       Steam dragon scal |       |       |       |     6 |    28 ||    34
Dodge: Dodged            |    12 |       |    11 |    40 |    73 ||   136
